 Dungeon Crawl Stone Soup version 0.29.1-15-g9cfb28693d (webtiles) character file.

Game seed: 9204432032936490882

250671 javelincjr the Warrior (level 20, -16/147 (154) HPs)
             Began as a Djinni Conjurer on Mar 21, 2023.
             Was the Champion of Makhleb.
             Killed from afar by a tengu reaver (73 damage)
             ... with a bolt of cold
             ... on level 1 of the Depths.
             The game lasted 04:36:49 (38247 turns).

javelincjr the Warrior (Djinni Conjurer)           Turns: 38247, Time: 04:36:49

HP:   -16/147 (154) AC: 23    Str: 20    XL:     20   Next: 43%
Gold: 1008          EV: 13    Int: 30    God:    Makhleb [******] SH: 12 Dex: 16

rFire   + + +      SeeInvis +   R - staff of conjuration
rCold   x . .      Faith    .   e - +0 kite shield {reflect}
rNeg    . . .      Spirit   .   U - +4 chain mail "Rulev" {Regen+ Str+3 Int+2 Dex+2}
rPois   ∞          Reflect  +   i - +1 helmet of Zupoun {Str+3}
rElec   +          Harm     .   o - +1 cloak {rPois}
rCorr   .          Rampage  .   F - +3 pair of gloves of Beyond {rElec rF+}
Will    ++...                   (boots unavailable)
Stlth   +.........              w - amulet of regeneration
HPRegen 1.94/turn               b - ring of wizardry
MPRegen 0.00/turn               u - ring "Imonut" {Str+6 Int+3 SInv}

@: flying, studying Dodging, lightly drained
A: sickness immunity, fire resistance 2, cold vulnerability 1, float, innate
caster, HP casting, extra vitality 1, deformed body
}: 2/15 runes: barnacled, gossamer
a: Renounce Religion, Minor Destruction, Lesser Servant of Makhleb, Major
Destruction, Greater Servant of Makhleb


You were on level 1 of the Depths.
You worshipped Makhleb.
Makhleb was exalted by your worship.
You visited 7 branches of the dungeon, and saw 32 of its levels.
You also visited: Ossuary and Gauntlet.

You collected 2918 gold pieces.
You spent 1910 gold pieces at shops.

Inventory:

Hand Weapons
 r - the +5 sling "Edepenn" {venom, rElec rCorr Str-3 Int+10}
   (You found it on level 1 of the Orcish Mines)

   Any ammunition fired from it poisons the flesh of those it strikes.
   Str:       It affects your strength (-3).
   Int:       It affects your intelligence (+10).
   rElec:     It insulates you from electricity.
   rCorr:     It protects you from acid and corrosion.
 v - a +2 antimagic hand axe
 z - the +11 sling "Yphuloj" {freeze, rElec Will+ Int+2}
   (You found it on level 4 of the Spider Nest)

   Any ammunition fired from it freezes those it strikes, dealing additional
   cold damage.
   It can also slow down cold-blooded creatures.
   Int:       It affects your intelligence (+2).
   rElec:     It insulates you from electricity.
   Will:      It increases your willpower.
 E - the +8 broad axe of Exoneration {drain, Dex+5}
   (You bought it in a shop on level 2 of the Orcish Mines)

   A truly terrible weapon, it drains the life of any living foe it strikes.
   Dex:       It affects your dexterity (+5).
 G - a +3 vampiric dagger
 T - a +1 vampiric demon trident
Missiles
 h - 2 throwing nets
Armour
 e - a +0 kite shield of reflection (worn)
 i - the +1 helmet of Zupoun (worn) {Str+3}
   (You found it on level 4 of the Shoals)

   Str:       It affects your strength (+3).
 o - a +1 cloak of poison resistance (worn)
 F - the +3 pair of gloves of Beyond (worn) {rElec rF+}
   (You found it on level 4 of the Spider Nest)

   rF:        It protects you from fire.
   rElec:     It insulates you from electricity.
 U - the +4 chain mail "Rulev" (worn) {Regen+ Str+3 Int+2 Dex+2}
   (You found it on level 12 of the Dungeon)

   Str:       It affects your strength (+3).
   Int:       It affects your intelligence (+2).
   Dex:       It affects your dexterity (+2).
   Regen:     It increases your rate of health regeneration.
 V - a +1 kite shield of cold resistance
 Y - a +2 helmet
Magical Staves
 R - a staff of conjuration (weapon)
Jewellery
 b - a ring of wizardry (left hand)
 u - the ring "Imonut" (right hand) {Str+6 Int+3 SInv}
   (You took it off a kobold brigand on level 6 of the Dungeon)

   [ring of strength]

   Str:       It affects your strength (+6).
   Int:       It affects your intelligence (+3).
   SInv:      It lets you see invisible.
 w - an amulet of regeneration (around neck)
 y - the amulet "Onogatec" {Reflect rC++ MP-9 Dex+4 SH+5}
   (You found it on level 4 of the Spider Nest)

   [amulet of reflection]

   It reflects blocked missile attacks.
   Dex:       It affects your dexterity (+4).
   rC:        It greatly protects you from cold.
   MP:        It affects your magic capacity (-9).
   SH:        It affects your SH (+5).
Wands
 a - a wand of digging (7)
 g - a wand of iceblast (25)
 C - a wand of flame (69)
 D - a wand of mindburst (24)
 H - a wand of polymorph (19)
 K - a wand of charming (42)
 X - a wand of acid (7)
Scrolls
 f - 2 scrolls of blinking
 j - 5 scrolls of poison
 k - 3 scrolls of enchant weapon
 q - 5 scrolls of magic mapping
 s - 5 scrolls of silence
 t - 3 scrolls of fear
 A - 6 scrolls of fog
 L - 11 scrolls of teleportation
 W - 5 scrolls of summoning
Potions
 c - a potion of resistance
 d - 13 potions of ambrosia
 l - 3 potions of heal wounds
 p - 2 potions of berserk rage
 x - 8 potions of invisibility
 B - 4 potions of cancellation
 M - 10 potions of brilliance
 N - 5 potions of haste
 O - 7 potions of lignification
 P - 4 potions of might
 Q - 14 potions of curing
 S - 2 potions of mutation
Miscellaneous
 m - a box of beasts
 n - a lightning rod (4/4)
 I - a condenser vane
 J - a phial of floods


   Skills:
 * Level 16.8 Fighting
 * Level 14.3 Armour
 + Level 13.7 Dodging
 + Level 7.8 Stealth
 + Level 11.0 Shields
 * Level 13.6 Spellcasting
 + Level 11.1 Invocations
 + Level 7.6 Evocations


You couldn't memorise any spells.
You knew the following spells:

 Your Spells              Type           Power      Damage    Failure   Level
a - Magic Dart            Conj           100%       1d8       1%          1
b - Searing Ray           Conj           100%       2d8       1%          2
c - Dazzling Flash        Conj/Hex       100%       N/A       1%          3
d - Fulminant Prism       Conj/Hex       50%        3d23      1%          4
e - Iskenderun's Mystic   Conj/Tloc      100%       2d19      1%          4
f - Apportation           Tloc           100%       N/A       1%          1
g - Blink                 Tloc           100%       N/A       1%          2
h - Spider Form           Tmut/Pois      80%        N/A       1%          3
i - Ozocubu's Armour      Ice            80%        N/A       1%          3
j - Agony                 Necr           80%        N/A       1%          5
k - Lightning Bolt        Conj/Air       50%        1d71      1%          5
l - Simulacrum            Ice/Necr       40%        N/A       6%          6
m - Spellforged Servitor  Conj/Summ      50%        N/A       32%         7
n - Malign Gateway        Summ/Tloc      40%        N/A       32%         7
Your spell library was empty.

Dungeon Overview and Level Annotations

Branches:
Dungeon (15/15)            Temple (1/1) D:7            Lair (5/5) D:11
 Shoals (4/4) Lair:3       Spider (4/4) Lair:3        Slime (0/5) Lair:5
    Orc (2/2) D:9             Elf (0/3) Orc:2        Vaults (0/5) D:14
 Depths (1/4) D:15        Ossuary (visited)         Gauntlet (visited)

Altars:
Ashenzari
Cheibriados
Dithmenos
Elyvilon
Fedhas
Gozag
Hepliaklqana
Makhleb
Nemelex Xobeh
Okawaru
Qazlal
Ru
Trog
Uskayaw
Wu Jian
Xom
Yredelemnul
Zin
The Shining One
Jiyva

Shops:
D:2 *!(   D:4 *   D:6 [   D:7 ?   D:10 (   D:13 *   D:14 [   D:15 [   Orc:1 ?
Orc:2 *[:(   Shoals:3 *

Portals:
Trove: D:13 (give +2 shadow dragon scales)


Innate Abilities, Weirdness & Mutations

You are immune to sickness and miasma.
You are immune to poison.
Your flesh is very heat resistant. (rF++)
You are vulnerable to cold. (rC-)
You float through the air rather than walking.
You learn spells naturally, not from books.
Your magical power is your life essence.
You have superior vitality. (+4 MHP)
Armour fits poorly on your strangely shaped body.


Message History

Your ettin simulacrum closely misses the tengu reaver.
The frost giant hits your ettin simulacrum with a +1 battleaxe of freezing!
Your ettin simulacrum vaporises!
The frost giant hits your ettin simulacrum with a +1 battleaxe of freezing.
Your magical contamination has completely faded away.
Casting: Simulacrum (dangerous; 6% risk of failure)
Confirm with . or Enter, or press ? or * to list all spells.
Aiming: Lightning Bolt (mildly dangerous; 1% risk of failure)
Press: ? - help, Shift-Dir - straight line, f - frost giant, p - tengu reaver
Aim: a frost giant, wielding a +1 battleaxe of freezing (moderately wounded, ally target, simulacrum, 97% to hit)
You feel a surge of power!
You hear a mighty clap of thunder!
The bolt of lightning misses the tengu reaver.
The bolt of lightning hits the frost giant!
The frost giant is heavily wounded.
The bolt of lightning hits the emperor scorpion.
The emperor scorpion is lightly wounded.
The tengu reaver gestures at your ettin simulacrum while chanting.
The bolt of fire hits your ettin simulacrum!!!
Your ettin simulacrum melts!
Your ettin simulacrum vaporises!
You hear a sizzling sound!
The sphinx hits your ettin simulacrum! The sphinx hits your ettin simulacrum.
The sphinx hits your ettin simulacrum but does no damage.
Your ettin simulacrum hits the sphinx but does no damage.
Your ettin simulacrum hits the sphinx!
Your ettin simulacrum freezes the sphinx!
The ettin hits your ettin simulacrum with a +0 dire flail!!
Your ettin simulacrum vaporises!
The tengu reaver closely misses you. You block the tengu reaver's attack.
The tengu reaver claws you but does no damage.
The tengu reaver attacks as you move away!
The tengu reaver hits you with a +0 vorpal long sword!
You block the tengu reaver's attack.
The tengu reaver claws you but does no damage.
The sphinx mumbles some strange words.
Something smites you!
The tengu reaver gestures at you while chanting.
The bolt of cold hits you!!!!
You feel a terrible chill!
You die...

########## #........#
#........# #........+
##### #........#
######...# #........#
....[....# #........#
.#####.#Z####........#
...###[#Z...+...@<...#
.#.##..######.Q......#
.........####.†......#
########...C)C######.#
.$.$>#..C...#~E~~#.#
$.$yC#..H...#~~~~#.#
.$"?$$.#..C...#~~~~#.#
.!:C$.$.......######.#
./}|$$.#.............+


You could see a titan, 2 frost giants, a sphinx, a tengu reaver (simulacrum), an
ettin and a water elemental.

Vanquished Creatures
  Rupert (Lair:3)
  Asterion (Depths:1)
  Polyphemus (Shoals:3)
  Kirke (Shoals:3)
  Donald (Shoals:2)
  Ilsuiw (Shoals:2)
  Aizul (Shoals:2)
  Louise (Spider:1)
  An orc warlord (Orc:2)
  4 ghost moths
  A stone giant (D:15)
  2 entropy weavers
  A minotaur (Gauntlet)
  A spark wasp (Depths:1)
  A merfolk javelineer (Shoals:4)
  Josephine (Orc:1)
  2 merfolk impalers
  2 ettins
  Harold (Lair:1)
  A radroach (Spider:1)
  7 boulder beetles
  An ogre mage (D:10)
  10 hydras
  3 merfolk avatars
  3 merfolk aquamancers
  5 two-headed ogres
  6 centaur warriors
  3 catoblepae (Lair:5)
  A jorogumo (Spider:1)
  5 satyrs
  12 death yaks
  6 tengu warriors
  A vampire mage (Depths:1)
  A hell hog (Gauntlet)
  2 orc high priests (Orc:2)
  2 death scarabs (Gauntlet)
  The ghost of Ashtray the Thaumaturge, a journeyman KoEn of Dithmenos (Orc:1)
  A sun demon (Shoals:3)
  A pharaoh ant (Spider:3)
  9 sea snakes
  3 steelbarb worms (Spider:4)
  A sun moth (Spider:4)
  An orb spider (Spider:4)
  3 lindwurms (Lair:5)
  A harpy (Shoals:2)
  A wizard (D:14)
  30 ugly things
  4 wolf spiders
  An oklob plant (D:11)
  3 orc knights
  13 manticores
  3 orc sorcerers
  4 deep elf pyromancers
  13 fauns
  3 moths of wrath
  2 black mambas
  6 merfolk sirens
  2 cyclopes
  A torpor snail (Lair:1)
  7 water nymphs
  11 cane toads
  4 komodo dragons
  A kobold demonologist (D:12)
  2 demonic crawlers
  3 rime drakes
  A komodo dragon (shapeshifter) (D:14)
  3 tengu conjurers (D:14)
  An efreet (D:10)
  6 polar bears
  A queen bee (D:11)
  6 trolls
  16 merfolk
  10 meliai
  A hornet (D:8)
  5 tarantellas
  A hornet (shapeshifter) (D:13)
  2 dream sheep (Lair:1)
  Prince Ribbit (D:8)
  3 slime creatures (D:12)
  A slime creature (shapeshifter) (D:14)
  5 snapping turtles
  A jumping spider (shapeshifter) (D:14)
  A spectral black mamba (Gauntlet)
  6 jumping spiders
  Sigmund (D:6)
  2 shadows
  7 water elementals
  A vampire (D:5)
  2 culicivoras
  3 wyverns
  A hog (Shoals:3)
  6 wraiths
  52 yaks
  2 fire bats (Gauntlet)
  5 basilisks
  8 redbacks
  2 spectral cane toads (Gauntlet)
  6 vampire mosquitoes (D:12)
  Menkaure (D:6)
  5 acid dragons
  14 water moccasins
  A hell hound (Gauntlet)
  18 orc warriors
  A swamp drake (D:9)
  A sky beast (D:6)
  A spectral torpor snail (Gauntlet)
  3 black bears
  2 ogres
  3 centaurs
  5 phantoms
  6 kobold brigands
  An elf zombie (Ossuary)
  A gnoll sergeant (D:7)
  6 bullfrogs
  A scorpion (D:6)
  6 necrophages (Lair:4)
  4 wights
  22 killer bees
  5 howler monkeys
  12 electric eels
  A jelly (D:5)
  A gnoll bouda (D:10)
  26 orc priests
  2 hounds
  A human zombie (Ossuary)
  4 iguanas
  40 orc wizards
  12 hell rats
  3 mummies (Ossuary)
  14 gnolls
  5 adders
  3 river rats (Lair:1)
  A shadow imp (D:7)
  A white imp (D:7)
  3 ufetubi
  8 adder zombies (Ossuary)
  A worm (D:4)
  4 dart slugs
  80 orcs
  4 ball pythons
  15 bats
  8 endoplasms
  2 giant cockroaches (D:4)
  10 hobgoblins
  6 jackals
  2 quokkas
  A frilled lizard (D:1)
  3 goblins
  2 goblin zombies (Ossuary)
  21 kobolds
  4 kobold zombies (Ossuary)
  An orc zombie (Ossuary)
  13 rats
  A rat zombie (Ossuary)
  3 bushes (D:15)
  A tentacle (Shoals:4)
824 creatures vanquished.

Vanquished Creatures (collateral kills)
  Jorgrun (Orc:1)
  The ghost of safid the Crack Shot, an adept MiHu of Okawaru (Shoals:4)
  A kraken (Shoals:4)
  5 emperor scorpions
  The ghost of nshep25 the Eclecticist, an adept DECj of Vehumet (Spider:4)
  7 broodmothers
  Azrael (Orc:2)
  An entropy weaver (Spider:3)
  4 spark wasps
  An ettin (Depths:1)
  5 merfolk javelineers
  7 merfolk impalers
  6 boulder beetles
  A catoblepas (Shoals:3)
  2 jorogumos
  3 radroaches
  2 merfolk avatars
  2 alligator snapping turtles (Shoals:4)
  2 deep troll shamans (Depths:1)
  3 merfolk aquamancers (Shoals:4)
  A satyr (Shoals:4)
  2 death yaks (Shoals:3)
  3 orc high priests (Orc:2)
  2 sun demons (Shoals:3)
  An iron troll (Depths:1)
  6 pharaoh ants
  A sun moth (Spider:4)
  5 sea snakes
  A death drake (shapeshifter) (Spider:1)
  2 deep trolls (Depths:1)
  10 orb spiders
  A steelbarb worm (Spider:3)
  An orc knight (Orc:2)
  An orc sorcerer (Orc:2)
  5 moths of wrath
  11 fauns
  20 wolf spiders
  A cyclops (Shoals:4)
  5 manticores
  4 merfolk sirens
  5 water nymphs (Shoals:4)
  8 torpor snails
  2 demonic crawlers
  9 meliai
  15 merfolk
  6 wind drakes
  A troll (Orc:2)
  23 tarantellas
  8 snapping turtles
  20 jumping spiders
  18 culicivoras
  10 water elementals
  A wraith (Orc:1)
  A hog (Shoals:3)
  5 fire elementals (Orc:2)
  37 redbacks
  A warg (Orc:2)
  3 hell hounds (Orc:2)
  17 orc warriors
  6 orc priests
  12 orc wizards
  3 gnolls (Orc:1)
  24 orcs
  A plant (Shoals:3)
375 creatures vanquished.

Vanquished Creatures (others)
  2 eldritch tentacles (Orc:2)
  A hydra (D:10)
  A tengu warrior (D:13)
  A manticore (D:13)
  A human (Shoals:3)
  11 demonic plants (Gauntlet)
  225 fulminant prisms
  26 fungi
  127 plants
  15 tentacles (Shoals:4)
410 creatures vanquished.

Grand Total: 1609 creatures vanquished

Notes
Turn   | Place    | Note
-------+----------+-------------------------------------------
     0 | D:1      | javelincjr the Djinni Conjurer began the quest for the Orb.
     0 | D:1      | javelincjr set off with the following spells memorised:
                  | Magic Dart, Searing Ray, Dazzling Flash, Fulminant Prism,
                  | Iskenderun's Mystic Blast.
     0 | D:1      | Reached XP level 1. HP: 15/15 MP: 0/0
   291 | D:1      | Reached XP level 2. HP: 18/21 MP: 0/0
   621 | D:1      | Reached XP level 3. HP: 22/25 MP: 0/0
   621 | D:1      | Learned a level 1 spell: Apportation
  1567 | D:2      | You are sucked into a shaft and drop 1 floor!
  1612 | D:3      | Reached XP level 4. HP: 10/31 MP: 0/0
  1616 | D:3      | Reached skill level 1 in Fighting
  2178 | D:3      | Found a transporter.
  2195 | D:3      | Found a transporter.
  2207 | D:3      | Reached XP level 5. HP: 6/38 MP: 0/0
  2207 | D:3      | Learned a level 2 spell: Blink
  2770 | D:3      | Reached skill level 2 in Fighting
  3139 | D:2      | Found Qoguc's Weapon Shoppe.
  3426 | D:2      | Found Jowauril's Distillery.
  3455 | D:2      | Found Liziahes's Assorted Antiques.
  3463 | D:2      | Bought a scroll labelled QOOFIJ NIWN for 24 gold pieces
  3463 | D:2      | Bought a scroll labelled SAPSARGH LAODD for 24 gold pieces
  3463 | D:2      | Bought a scroll labelled ACUKHL NAHUWOIBB for 24 gold
                  | pieces
  3463 | D:2      | Bought a clear potion for 21 gold pieces
  3463 | D:2      | Bought an amethyst potion for 21 gold pieces
  3711 | D:3      | Reached XP level 6. HP: 39/43 MP: 0/0
  3714 | D:3      | Reached skill level 1 in Armour
  4127 | D:4      | Found Tyeleol's Mayhem Merchandise.
  4231 | D:4      | Reached skill level 3 in Fighting
  4466 | D:4      | Noticed a black bear
  4472 | D:4      | Killed a black bear
  4473 | D:4      | Reached XP level 7. HP: 40/50 MP: 0/0
  4473 | D:4      | Learned a level 3 spell: Spider Form
  5254 | D:4      | Found a snail-covered altar of Cheibriados.
  5386 | D:5      | Entered Level 5 of the Dungeon
  5450 | D:5      | Reached skill level 4 in Fighting
  5453 | D:5      | Reached skill level 5 in Spellcasting
  5453 | D:5      | Reached XP level 8. HP: 19/58 MP: 0/0
  5818 | D:5      | Noticed a vampire
  5835 | D:5      | Killed a vampire
  6230 | D:5      | Found a blossoming altar of Fedhas.
  6245 | D:5      | Reached skill level 5 in Fighting
  6373 | D:5      | Found a burning altar of Makhleb.
  6403 | D:5      | Became a worshipper of Makhleb the Destroyer
  6596 | D:6      | Noticed Menkaure
  6601 | D:6      | Killed Menkaure
  6602 | D:6      | Reached skill level 5 in Dodging
  6604 | D:6      | Found a hazy altar of Hepliaklqana.
  6621 | D:6      | Found a sand-covered staircase.
  6789 | Ossuary  | Entered an ossuary
  7053 | Ossuary  | Reached XP level 9. HP: 35/65 MP: 0/0
  7053 | Ossuary  | Learned a level 3 spell: Ozocubu's Armour
  7628 | D:6      | Found a bloodstained altar of Trog.
  7845 | D:6      | Reached skill level 6 in Fighting
  7957 | D:6      | Found Guyck's Antique Armour Shoppe.
  7968 | D:6      | Bought a glowing cloak for 202 gold pieces
  8040 | D:6      | Identified the ring "Imonut" {Str+6 Int+3 SInv}
  8044 | D:6      | Noticed Sigmund
  8067 | D:6      | Killed Sigmund
  8077 | D:6      | Reached * piety under Makhleb
  8585 | D:6      | Found a basalt altar of Yredelemnul.
  9021 | D:7      | Found a staircase to the Ecumenical Temple.
  9049 | Temple   | Entered the Ecumenical Temple
  9049 | Temple   | Found a transporter.
  9049 | Temple   | Found a transporter.
  9133 | Temple   | Found a transporter.
  9133 | Temple   | Found a transporter.
  9197 | D:7      | Found an opulent altar of Gozag.
  9638 | D:7      | Found a shimmering altar of Xom.
  9713 | D:7      | Found a stormy altar of Qazlal.
 10518 | D:7      | Found Garir's Magic Scroll Boutique.
 10531 | D:7      | Reached skill level 7 in Fighting
 10537 | D:7      | Bought a scroll of identify for 26 gold pieces
 10800 | D:7      | Found a white marble altar of Elyvilon.
 10869 | D:8      | Reached XP level 10. HP: 58/75 MP: 0/0
 10875 | D:8      | Noticed Prince Ribbit
 10881 | D:8      | Killed Prince Ribbit
 11209 | D:8      | Reached skill level 1 in Shields
 11209 | D:8      | Reached skill level 1 in Invocations
 11212 | D:8      | Reached skill level 5 in Armour
 11229 | D:8      | Reached ** piety under Makhleb
 11509 | D:8      | Reached skill level 8 in Fighting
 11522 | D:8      | Noticed a two-headed ogre
 11529 | D:8      | Killed a two-headed ogre
 11787 | D:8      | Found a sparkling altar of Nemelex Xobeh.
 11788 | D:8      | Found a shadowy altar of Dithmenos.
 11788 | D:8      | Found a hide-covered altar of Uskayaw.
 12172 | D:9      | Noticed a boulder beetle
 12199 | D:9      | Killed a boulder beetle
 12200 | D:9      | Reached XP level 11. HP: 37/82 MP: 0/0
 12200 | D:9      | Learned a level 5 spell: Agony
 12513 | D:9      | Reached *** piety under Makhleb
 12960 | D:9      | Reached skill level 9 in Fighting
 13415 | D:9      | Found a staircase to the Orcish Mines.
 13984 | D:10     | Entered Level 10 of the Dungeon
 14503 | D:10     | Reached **** piety under Makhleb
 14535 | D:10     | Noticed a two-headed ogre
 14548 | D:10     | Killed a two-headed ogre
 14582 | D:10     | Noticed a manticore
 14589 | D:10     | Killed a manticore
 14594 | D:10     | Killed a seven-headed hydra
 14619 | D:10     | Noticed a centaur warrior
 14624 | D:10     | Killed a centaur warrior
 14625 | D:10     | Reached XP level 12. HP: 76/91 MP: 0/0
 14696 | D:10     | Noticed an ogre mage
 14697 | D:10     | Reached skill level 10 in Fighting
 14698 | D:10     | Noticed a five-headed hydra
 14699 | D:10     | Killed an ogre mage
 14705 | D:10     | Killed a five-headed hydra
 15000 | D:10     | Found Isofro Axeo's Weapon Shoppe.
 15042 | D:10     | Noticed a two-headed ogre
 15052 | D:10     | Killed a two-headed ogre
 15053 | D:10     | Reached skill level 5 in Invocations
 15196 | D:11     | Reached skill level 5 in Shields
 15246 | D:11     | Found a staircase to the Lair.
 15260 | D:11     | Noticed a two-headed ogre
 15267 | D:11     | Killed a two-headed ogre
 16095 | D:12     | Noticed a boulder beetle
 16247 | D:12     | Reached XP level 13. HP: 98/98 MP: 0/0
 16247 | D:12     | Learned a level 5 spell: Lightning Bolt
 16250 | D:12     | Reached skill level 11 in Fighting
 16437 | D:12     | Reached ***** piety under Makhleb
 16453 | D:12     | Killed a boulder beetle
 16642 | D:12     | Identified the +4 chain mail "Rulev" {Regen+ Str+3 Int+2
                  | Dex+2}
 16863 | D:12     | Found a burning altar of Makhleb.
 16863 | D:12     | Noticed a balrug
 17005 | D:13     | Noticed a five-headed hydra
 17010 | D:13     | Killed a five-headed hydra
 17260 | D:13     | Found Pasu's Fire Supplies.
 17288 | D:13     | Noticed a centaur warrior
 17299 | D:13     | Killed a centaur warrior
 17470 | D:13     | Noticed a boulder beetle
 17501 | D:13     | Killed a boulder beetle
 17537 | D:13     | Found a portal to a secret trove of treasure.
 17631 | D:13     | Identified the +3 leather armour of Cheibriados's Approval
                  | {rF+ rN+}
 18267 | D:14     | Reached skill level 10 in Spellcasting
 18276 | D:14     | Reached skill level 12 in Fighting
 18316 | D:14     | Reached XP level 14. HP: 98/107 MP: 0/0
 18420 | D:14     | Reached skill level 10 in Dodging
 18583 | D:14     | Found a gate to the Vaults.
 18614 | D:14     | Found Oxumuef's Antique Armour Shoppe.
 19066 | D:15     | Entered Level 15 of the Dungeon
 19066 | D:15     | Found Vipryos's Armour Emporium.
 19138 | D:15     | Found a gate leading to a gauntlet.
 19147 | Gauntlet | Entered a Gauntlet
 19147 | Gauntlet | Found a transporter.
 19147 | Gauntlet | Found a transporter.
 19148 | Gauntlet | Found a transporter.
 19151 | Gauntlet | Found a transporter.
 19151 | Gauntlet | Found a transporter.
 19161 | Gauntlet | Found a transporter.
 19229 | Gauntlet | Found a transporter.
 19241 | Gauntlet | Found a transporter.
 19255 | Gauntlet | Found a transporter.
 19257 | Gauntlet | Found a large runed translucent door.
 19258 | Gauntlet | Found a large runed translucent door.
 19259 | Gauntlet | Found a large runed translucent door.
 19259 | Gauntlet | Found a large runed translucent door.
 19259 | Gauntlet | Found a runed translucent door.
 19259 | Gauntlet | Found a runed translucent door.
 19260 | Gauntlet | Found a large runed translucent door.
 19261 | Gauntlet | Found a large runed translucent door.
 19262 | Gauntlet | Found a large runed translucent door.
 19262 | Gauntlet | Found a large runed translucent door.
 19263 | Gauntlet | Found a runed translucent gate.
 19263 | Gauntlet | Found a runed translucent gate.
 19263 | Gauntlet | Found a runed translucent gate.
 19265 | Gauntlet | Found a transporter.
 19274 | Gauntlet | Found a large runed translucent door.
 19274 | Gauntlet | Found a large runed translucent door.
 19275 | Gauntlet | Found a large runed translucent door.
 19276 | Gauntlet | Found a large runed translucent door.
 19280 | Gauntlet | Found a transporter.
 19286 | Gauntlet | Found a transporter.
 19318 | Gauntlet | Found a large runed translucent door.
 19319 | Gauntlet | Found a large runed translucent door.
 19320 | Gauntlet | Found a large runed translucent door.
 19320 | Gauntlet | Found a large runed translucent door.
 19380 | Gauntlet | Identified the +4 glaive of Thieving Doom {drain, rElec
                  | rCorr Dex+3}
 19384 | Gauntlet | Identified the amulet of Hufer {Acrobat Int+2}
 19410 | Gauntlet | Identified the ring "Joilih" {Fly rC+ SInv}
 19414 | Gauntlet | Identified the amulet of Mioshike {RegenMP rC+ Int+2 SInv}
 19457 | Gauntlet | Noticed a minotaur
 19465 | Gauntlet | Killed a minotaur
 19471 | Gauntlet | Identified the +7 quarterstaff of a bailey {elec, rCorr
                  | Str+3}
 19904 | D:15     | Reached skill level 13 in Fighting
 20098 | D:15     | Noticed a stone giant
 20105 | D:15     | Killed a stone giant
 20167 | D:15     | Found a staircase to the Depths.
 20591 | Lair:1   | Entered Level 1 of the Lair of Beasts
 20662 | Lair:1   | Reached XP level 15. HP: 110/114 MP: 0/0
 20662 | Lair:1   | Learned a level 6 spell: Simulacrum
 20666 | Lair:1   | Noticed Harold
 20670 | Lair:1   | Killed Harold
 20871 | Lair:1   | Reached ****** piety under Makhleb
 22608 | Lair:3   | Found a staircase to the Shoals.
 22685 | Lair:3   | Noticed Rupert
 22693 | Lair:3   | Killed Rupert
 22735 | Lair:3   | Found a hole to the Spider Nest.
 23439 | Lair:4   | Reached skill level 1 in Evocations
 23453 | Lair:4   | Reached skill level 10 in Armour
 24573 | Lair:5   | Entered Level 5 of the Lair of Beasts
 24873 | Lair:5   | Reached XP level 16. HP: 122/122 MP: 0/0
 25031 | Lair:5   | Found a viscous altar of Jiyva.
 25031 | Lair:5   | Found a staircase to the Slime Pits.
 25210 | Lair:5   | Reached skill level 14 in Fighting
 25866 | Shoals:1 | Entered Level 1 of the Shoals
 26849 | Shoals:2 | Reached skill level 5 in Stealth
 27127 | Shoals:2 | Noticed Ilsuiw
 27145 | Shoals:2 | Reached XP level 17. HP: 53/130 MP: 0/0
 27145 | Shoals:2 | Learned a level 7 spell: Spellforged Servitor
 27257 | Shoals:2 | Killed Ilsuiw
 28019 | Shoals:3 | Noticed Donald
 28022 | Shoals:3 | Noticed Aizul
 28030 | Shoals:3 | Noticed Kirke
 28036 | Shoals:2 | Killed Aizul
 28040 | Shoals:2 | Killed Donald
 28477 | Spider:1 | Entered Level 1 of the Spider Nest
 28513 | Spider:1 | Noticed Louise
 28519 | Spider:1 | Killed Louise
 29429 | Spider:1 | Reached skill level 15 in Fighting
 29681 | Spider:1 | Reached skill level 5 in Evocations
 30535 | Spider:2 | Reached XP level 18. HP: 45/129 MP: 0/0
 31722 | Spider:4 | Entered Level 4 of the Spider Nest
 31789 | Spider:4 | Reached skill level 10 in Invocations
 31808 | Spider:4 | Identified the amulet "Onogatec" {Reflect rC++ MP-9 Dex+4
                  | SH+5}
 31862 | Spider:3 | Reached skill level 10 in Shields
 32417 | Spider:4 | Found a runed translucent gate.
 32417 | Spider:4 | Found a runed translucent gate.
 32417 | Spider:4 | Found a runed translucent gate.
 32419 | Spider:4 | Noticed nshep25's ghost (adept DECj)
 32431 | Spider:4 | Killed nshep25's ghost
 32443 | Spider:4 | Identified the +11 sling "Yphuloj" {freeze, rElec Will+
                  | Int+2}
 32652 | Spider:4 | Reached XP level 19. HP: 138/145 MP: 0/0
 32652 | Spider:4 | Learned a level 7 spell: Malign Gateway
 32692 | Spider:4 | Reached skill level 16 in Fighting
 32746 | Spider:4 | Got a gossamer rune of Zot
 32752 | Spider:4 | Identified the +3 pair of gloves of Beyond {rElec rF+}
 33300 | Shoals:3 | Killed Kirke
 33529 | Shoals:3 | Found Cezxeosa's Assorted Antiques.
 33537 | Shoals:3 | Bought a potion of heal wounds for 160 gold pieces
 33578 | Shoals:3 | Noticed Polyphemus
 33631 | Shoals:3 | Killed Polyphemus
 34131 | Shoals:4 | Entered Level 4 of the Shoals
 34483 | Shoals:4 | Found a runed translucent door.
 34490 | Shoals:4 | Noticed safid's ghost (adept MiHu)
 34535 | Shoals:4 | Killed safid's ghost
 34567 | Shoals:4 | Identified the +3 trident "Zioxi" {pain, rF+++ Dex+4 SInv
                  | Stlth+}
 35223 | Shoals:4 | Got a barnacled rune of Zot
 35465 | Shoals:4 | Identified the +1 leather armour of the Harvest {rElec
                  | Str+4 Int+4 Slay-5}
 35521 | Shoals:4 | Identified the +1 helmet of Zupoun {Str+3}
 35581 | Shoals:4 | Reached XP level 20. HP: 84/153 MP: 0/0
 36062 | Orc:1    | Entered Level 1 of the Orcish Mines
 36062 | Orc:1    | Noticed Josephine
 36065 | Orc:1    | Noticed Jorgrun
 36076 | Orc:1    | Killed Josephine
 36081 | Orc:1    | Killed Jorgrun
 36129 | Orc:1    | Found Bupok's Magic Scroll Boutique.
 36134 | Orc:1    | Found a runed translucent door.
 36138 | Orc:1    | Bought a scroll of acquirement for 832 gold pieces
 36138 | Orc:1    | Acquired a manual of Dodging
 36138 | Orc:1    | Noticed Ashtray's ghost (journeyman KoEn)
 36171 | Orc:1    | Killed Ashtray's ghost
 36230 | Orc:1    | Identified the +5 sling "Edepenn" {venom, rElec rCorr Str-3
                  | Int+10}
 36568 | Orc:2    | Entered Level 2 of the Orcish Mines
 36838 | Orc:2    | Gained mutation: Armour fits poorly on your strangely
                  | shaped body. [mutagenic glow]
 37382 | Orc:2    | Found Xeanosy's Antique Armour Emporium.
 37383 | Orc:2    | Found Rededio's Antique Weapon Shoppe.
 37385 | Orc:2    | Found Xuagg's General Store.
 37385 | Orc:2    | Found Qoufauca's Book Emporium.
 37390 | Orc:2    | Bought a potion of heal wounds for 85 gold pieces
 37390 | Orc:2    | Bought a potion of heal wounds for 85 gold pieces
 37390 | Orc:2    | Bought a scroll of blinking for 127 gold pieces
 37402 | Orc:2    | Bought a fine broad axe for 279 gold pieces
 37402 | Orc:2    | Identified the +8 broad axe of Exoneration {drain, Dex+5}
                  | (You bought it in a shop on level 2 of the Orcish Mines)
 37563 | Orc:2    | Noticed Azrael
 37572 | Orc:2    | Killed Azrael
 37654 | Orc:2    | Found a staircase to the Elven Halls.
 38038 | Depths:1 | Entered Level 1 of the Depths
 38076 | Depths:1 | Noticed Asterion
 38085 | Depths:1 | Killed Asterion
 38247 | Depths:1 | Killed from afar by a tengu reaver

Illustrated notes

Levels and vault maps discovered:
D:1:      heliophobic_arrival_dark_side_of_the_moon, layout_loops_corners
D:2:      layout_loops_ring, serial_shops, shop_coins,
          nicolae_shop_hallway_stairs, shop
D:3:      gammafunk_steamed_eel, layout_basic, grunt_ministairs_7
D:4:      layout_loops_corners, slow_altar_2, minmay_shop_mayhem
D:5:      layout_cave_pools, amcnicky_altar_gilded, fedhas_altar_fruit_tree,
          minmay_a_box_with_orc_wizards_in_it
D:6:      layout_loops_ring, amethyst_overflow_temple_binary,
          mainiacjoe_overflow_large_starburst, chequers_ossuary_entry_cave,
          ebering_dispersal_statue_hall, nicolae_stop_n_shop_2,
          hangedman_decor_riveting, minmay_door_square, uniq_menkaure,
          uniq_sigmund
D:7:      layout_basic, mainiacjoe_overflow_paths, grunt_gozag_statues,
          mainiacjoe_overflow_concentric_impassable,
          nicolae_overflow_hidden_temple, minmay_temple_entry_offerings,
          serial_shops, shop, minmay_misc_feat_iff
D:8:      layout_gridville, chequers_temple_overflow_statue_of_worship,
          uniq_prince_ribbit1
D:9:      layout_loops_ring, erik_orc_1
D:10:     minmay_the_grid_triangle_9x9_rhombus_full
          [minmay_the_grid_triangle_9x9_odd_lines,
          minmay_the_grid_triangle_9x9_from_above,
          minmay_the_grid_triangle_9x9_longest,
          minmay_the_grid_triangle_9x9_flanged_cone,
          minmay_the_grid_triangle_9x9_checkered,
          minmay_the_grid_triangle_9x9_cache,
          minmay_the_grid_triangle_9x9_intruding_spiral,
          minmay_the_grid_triangle_9x9_prize_schism], layout_loops_ring,
          serial_shops, nicolae_shop_bloodbath_and_beyond
D:11:     layout_cave_pods, dpeg_oklobed_lair, minivault_7
D:12:     layout_irregular_city, makhleb_altar_promises_db
D:13:     layout_gridville, nicolae_trove_entry_free_sample,
          nicolae_shop_fire_sale [nicolae_sub_dead_trees]
D:14:     layout_small_grid, david_vaults_2, serial_shops,
          nicolae_shop_overgrown_old_shop, minmay_crystal_water, serial_rivers,
          chequers_serial_rivers_small_3, chequers_serial_rivers_large_a,
          chequers_serial_rivers_micro_a, chequers_serial_rivers_small_b,
          chequers_serial_rivers_room_b, chequers_serial_rivers_micro_e
D:15:     grunt_enter_depths_snipers, layout_stronghold, serial_shops,
          nicolae_shop_hallway_stairs, serial_park_square1
          [serial_park_minivault_5x5_8], serial_glass, glass_columns_c,
          glass_columns_a, gauntlet_entry_generic
Temple:   hellmonk_temple_divided_pantheon
Lair:1:   layout_concentric_octagons, special_room, kennysheep_abandoned_house,
          uniq_harold
Lair:2:   layout_cave_pods, infiniplex_staircase_pool
Lair:3:   layout_long_grid, elwin_shoals_entry_rooms,
          hellmonk_spider_entry_not_the_bees, bh_autumn_forest_stairs,
          uniq_rupert
Lair:4:   layout_layer_cave, roderic_carrion_pond
Lair:5:   evilmike_catoblepas_cave, layout_cellular_growth, slime_entry_1,
          minivault_11, minivault_23, nicolae_lair_lindhole
Shoals:1: layout_shoals
Shoals:2: layout_shoals, nicolae_shoals_siren_and_animal_friends, uniq_ilsuiw
Shoals:3: layout_shoals, serial_shops, nicolae_shop_trees,
          nicolae_shoals_sun_and_surf, uniq_polyphemus, uniq_donald, uniq_kirke,
          uniq_aizul
Shoals:4: shoals_end_simple, layout_shoals, ebering_ghost_reflecting_pool
Spider:1: layout_chambers, hellmonk_deceptive_appearances, uniq_louise
Spider:2: layout_cave_pods
Spider:3: layout_spider_delve, nicolae_spider_bzzzt
Spider:4: hellmonk_spider_rune_endless_swarm, ebering_ghost_rock_garden
Orc:1:    layout_caves, serial_shops, shop, ebering_ghost_reflecting_pool,
          uniq_josephine, uniq_jorgrun
Orc:2:    st_orc_congregation, layout_caves, basic_altar, mines1_david,
          uniq_azrael
Depths:1: minmay_open_boxes_in_corner, layout_gridlike, hell_entry,
          serial_aquarium, aquarium_bridge_long_joined
          [aquarium_subvault_bridge, aquarium_subvault_bridge,
          aquarium_subvault_balcony, aquarium_subvault_wall,
          aquarium_subvault_window, aquarium_subvault_window],
          aquarium_bridge_square [aquarium_subvault_bridge,
          aquarium_subvault_bridge, aquarium_subvault_bridge,
          aquarium_subvault_balcony], aquarium_window_corridor_1,
          aquarium_window_2, aquarium_window_1, aquarium_window_corner,
          aquarium_view_2b, aquarium_pool_S, nicolae_uskayaw_suspiria,
          minivault_12, uniq_asterion

Skill      XL: |  1  2  3  4  5  6  7  8  9 10 11 12 13 14 15 16 17 18 19 20 |
---------------+-------------------------------------------------------------+-----
Stealth        | 2 4 5 6 7 |  7.8
Dodging        | 3 4 5 6 7 8 9 10 11 12 13 | 13.7
Fighting       | 1 2 3 4 5 7 8 9 10 12 13 14 15 16 | 16.8
Spellcasting   | 4 5 6 7 8 9 10 11 12 13 | 13.6
Armour         | 1 2 3 4 5 6 7 8 9 10 11 12 13 14 | 14.3
Shields        | 2 4 5 6 7 8 9 10 11 | 11.0
Invocations    | 2 4 5 6 7 8 9 10 11 | 11.1
Evocations     | 2 4 5 6 7 |  7.6

Action                   |  1- 3 |  4- 6 |  7- 9 | 10-12 | 13-15 | 16-18 | 19-21 || total
-------------------------+-------+-------+-------+-------+-------+-------+-------++-------
Melee: Falchion          |       |     6 |       |       |       |       |       ||     6
       Dagger            |       |       |    18 |    11 |       |       |       ||    29
       Staff             |       |       |       |       |     8 |    17 |    31 ||    56
 Cast: Magic Dart        |    52 |    79 |   127 |   141 |   259 |    45 |     3 ||   706
       Searing Ray       |     3 |     6 |     2 |     3 |       |       |       ||    14
       Fulminant Prism   |       |     5 |    40 |    86 |    73 |    18 |     3 ||   225
       Iskenderun's Myst |       |     1 |    52 |   170 |   281 |   120 |    49 ||   673
       Dazzling Flash    |       |       |       |     1 |       |     1 |     1 ||     3
       Lightning Bolt    |       |       |       |       |    53 |   175 |   116 ||   344
       Simulacrum        |       |       |       |       |       |   194 |   236 ||   430
       Agony             |       |       |       |       |       |     1 |     2 ||     3
       Blink             |       |       |       |       |       |     1 |       ||     1
       Ozocubu's Armour  |       |       |       |       |       |     1 |       ||     1
       Spellforged Servi |       |       |       |       |       |       |     2 ||     2
       Malign Gateway    |       |       |       |       |       |       |     2 ||     2
Invok: Minor Destruction |       |       |       |     6 |       |     2 |       ||     8
       Major Destruction |       |       |       |       |       |       |     2 ||     2
Evoke: Wand              |       |       |     1 |       |       |       |     1 ||     2
       Condenser vane    |       |       |       |       |       |     1 |       ||     1
       Box of beasts     |       |       |       |       |       |     1 |       ||     1
  Use: Scroll            |       |       |    16 |     6 |    11 |     4 |     3 ||    40
       Potion            |       |       |     7 |       |       |     6 |     3 ||    16
Armor: Robe              |     2 |     4 |       |       |       |       |       ||     6
       Ring mail         |       |       |     7 |     3 |       |       |       ||    10
       Troll leather arm |       |       |       |     7 |     4 |       |       ||    11
       Chain mail        |       |       |       |       |    12 |    78 |   111 ||   201
Dodge: Dodged            |    10 |    10 |    20 |    23 |    17 |    71 |    84 ||   235
Block: Other             |       |     1 |     1 |       |       |       |       ||     2
       Reflection        |       |       |     2 |     8 |    17 |    59 |    23 ||   109
       Buckler           |       |       |     1 |    24 |       |       |       ||    25
       Tower shield      |       |       |       |     1 |    27 |       |       ||    28
       Kite shield       |       |       |       |       |    17 |   198 |   122 ||   337
